 Dungeon Crawl Stone Soup version 0.28.0-53-g5a82cb258f (webtiles) character file.

Game seed: 5253668325954274433

25 Duralumin the Chucker (level 2, 27/27 HPs)
             Began as a Troll Wanderer on June 19, 2022.
             Was a Believer of Lugonu.
             Got out of the dungeon alive.
             The game lasted 00:02:35 (887 turns).

Duralumin the Chucker (Troll Wanderer)               Turns: 887, Time: 00:02:36

Health: 27/27      AC:  4    Str: 18    XL:     2   Next: 82%
Magic:  1/1        EV:  9    Int:  7    God:    Lugonu [**....]
Gold:   88         SH:  0    Dex: 11    Spells: 1/1 levels left

rFire   . . .      SeeInvis .     - Unarmed
rCold   . . .      Faith    .   (no shield)
rNeg    . . .      Spirit   .   e - +0 robe
rPois   +          Reflect  .   (helmet restricted)
rElec   .          Harm     .   (no cloak)
rCorr   .          Rampage  .   (gloves unavailable)
Will    .....                   (boots unavailable)
Stlth   +.........              (no amulet)
HPRegen 0.89/turn               f - ring of poison resistance
MPRegen 0.07/turn               (no ring)

@: no status effects
A: large, unfitting armour, claws 3, regeneration 1, shaggy fur 1, tough skin 1
a: Renounce Religion, Depart the Abyss, Bend Space


You escaped.
You worshipped Lugonu.
Lugonu was pleased with you.
You visited 1 branch of the dungeon, and saw 1 of its levels.

You collected 88 gold pieces.

Inventory:

Hand Weapons
 a - a +2 hand axe
 b - a +0 short sword
 d - a +0 dagger
Missiles
 c - 13 poisoned darts (quivered)
Armour
 e - a +0 robe (worn)
Jewellery
 f - a ring of poison resistance (left claw)
Potions
 g - a potion of heal wounds {unknown}


   Skills:
 - Level 1.5 Fighting
 - Level 1.0 Short Blades
 - Level 1.5 Axes
 - Level 2.6 Throwing
 - Level 1.0 Dodging
 + Level 2.5 Unarmed Combat
 - Level 1.0 Evocations


You had one spell level left.
You didn't know any spells.
Your spell library was empty.

Dungeon Overview and Level Annotations

Branches:
Dungeon (1/15)

Altars:
Lugonu


Innate Abilities, Weirdness & Mutations

You are too large for most types of armour.
You have claws for hands.
Your natural rate of healing is unusually fast.
You are covered in fur. (AC +1)
You have tough skin. (AC +1)


Message History

Lugonu accepts your kill.
No target in view!
You now have 74 gold pieces (gained 2).
A hobgoblin comes into view.
The hobgoblin shouts!
A hobgoblin is nearby!
The hobgoblin hits you.
You scratch the hobgoblin.
The hobgoblin is moderately wounded.
The hobgoblin hits you but does no damage.
You closely miss the hobgoblin.
The hobgoblin is moderately wounded.
The hobgoblin barely misses you.
You scratch the hobgoblin but do no damage.
The hobgoblin is moderately wounded.
The hobgoblin closely misses you.
You scratch the hobgoblin.
The hobgoblin is heavily wounded.
The hobgoblin hits you but does no damage.
You claw the hobgoblin!
You kill the hobgoblin!
Lugonu accepts your kill.
No target in view!
You see here a hobgoblin corpse.
Found an escape hatch in the floor.
You now have 88 gold pieces (gained 14).
There is an escape hatch in the floor here.
There is a stone staircase leading down here.
Done exploring.
No target in view!
No target in view!
Done exploring.
Save game and exit?
Welcome back, Duralumin the Troll Wanderer.
Lugonu says: Spread carnage and corruption!
Press ? for a list of commands and other information.
There is an open door here.
There is a staircase leading out of the dungeon here.
Are you sure you want to leave the Dungeon?
This will make you lose the game!
You have escaped!

#.# #.# #.............##♣. #[#
#.# #####.#.#####.# #. ###.# ##.#
###.#.# ##.###P ....# ##..#
#####...#.# ##.#.###
###.###..#####(......#.###.###.##
#.##.......##≈≈#'..#.##.## ##..
#.##.#.....#....#..#.#.## ##.
#....#.....≈....≈..#.##.## ##.#
######...[.≈.⌠@.≈..#.###.###.##
#.....≈....≈..#.# ##.#..#
#.....#....#....# ##.#.#
####≈≈###≈≈#####.# ###.#
#.#....#.....# #.# #.#
#######.≈....≈[....# #.# #.#
.....##.≈..⌠.≈.)...# #.# #.##
####.##.≈....≈.....# #.# #...
#.##.#....#.....###.# ####


There were no monsters in sight!

Vanquished Creatures
  A ball python (D:1)
  A bat (D:1)
  3 giant cockroaches (D:1)
  4 goblins (D:1)
  4 hobgoblins (D:1)
  2 kobolds (D:1)
  2 quokkas (D:1)
  A frilled lizard (D:1)
  2 rats (D:1)
20 creatures vanquished.

Notes
Turn   | Place    | Note
-------+----------+-------------------------------------------
     0 | D:1      | Duralumin the Troll Wanderer began the quest for the Orb.
     0 | D:1      | Duralumin set off with the following items: a +2 hand axe,
                  | a +0 short sword, 13 poisoned darts, a +0 dagger, a +0 robe
     0 | D:1      | Reached XP level 1. HP: 19/19 MP: 0/0
    93 | D:1      | Reached skill level 1 in Unarmed Combat
   162 | D:1      | Reached XP level 2. HP: 27/27 MP: 1/1
   314 | D:1      | Found a faded altar of an unknown god.
   323 | D:1      | Prayed at the altar of an unknown god.
   323 | D:1      | Became a worshipper of Lugonu the Unformed
   323 | D:1      | Reached * piety under Lugonu
   323 | D:1      | Reached ** piety under Lugonu
   887 | D:$      | Got out of the dungeon alive.

Illustrated notes

Levels and vault maps discovered:
D:1:      dpeg_arrival_rooms_with_view, layout_loops_ring,
          dreamdust_ecumenical_altar_hidden_monk_grotto, bh_walls_and_bars

Skill      XL: |  1  2 |
---------------+-------+-----
Unarmed Combat | 1 2 |  2.5
Fighting       | |  1.5
Short Blades   | |  1.0
Axes           | |  1.5
Throwing       | |  2.6
Dodging        | |  1.0
Evocations     | |  1.0

Action                   || total
-------------------------++-------
Melee: Unarmed           ||    70
       Punch             ||     1
Armor: Robe              ||    23
Dodge: Dodged            ||    30
